 Dungeon Crawl Stone Soup version 0.14.0-15-g6b16f67 (webtiles) character file.

240 Maka the Twirler (level 5, -13/26 HPs)
             Began as a Vine Stalker Gladiator on Apr 18, 2014.
             Mangled by an ogre
             ... wielding a cursed -3,+0 giant spiked club
              (26 damage)
             ... on Level 3 of the Dungeon.
             The game lasted 00:05:13 (1259 turns).

Maka the Twirler (Vine Stalker Gladiator)           Turns: 1259, Time: 00:05:13

HP -13/26        AC  4     Str 17      XL: 5   Next: 15%
MP   0/7         EV 12     Int  8      God:
Gold 108         SH  0     Dex 16      Spells:  0 memorised,  4 levels left

rFire  . . .     SeeInvis .     a - +0 quarterstaff
rCold  . . .     Clarity  .     k - +0 leather armour
rNeg   . . .     Conserve .     (no shield)
rPois  .         rCorr    .     c - +0 helmet
rElec  .         rRot     +     (no cloak)
SustAb . .       Spirit   +     (no gloves)
rMut   .         Warding  .     (no boots)
Saprov . . .     Stasis   .     (no amulet)
MR     .....                    (no ring)
                                (no ring)

@: not resistant to hostile enchantments, unstealthy
A: fangs 2, regeneration 1, magic shield, antimagic bite, no device heal
a: no special abilities


You were on level 3 of the Dungeon.
You were not hungry.

You visited 1 branch of the dungeon, and saw 3 of its levels.

You collected 108 gold pieces.

Inventory:

Hand weapons
 a - a +0,+0 quarterstaff (weapon)
Missiles
 d - 3 throwing nets (quivered)
Armour
 c - a +0 helmet (worn)
 k - a +0 leather armour (worn)
Magical devices
 n - a wand of magic darts (9)
Comestibles
 f - 4 bread rations
Scrolls
 b - a scroll of fear {unknown}
 e - 2 scrolls of identify
 g - a scroll of teleportation {unknown}
 h - a scroll of fog {unknown}
 i - 2 scrolls of amnesia
 l - a scroll of enchant armour {unknown}
 m - a scroll of recharging {unknown}
Potions
 j - a potion of curing


   Skills:
 + Level 1.8 Fighting
 - Level 5.1 Staves
 - Level 1.7 Throwing
 - Level 2.4 Dodging


You had 4 spell levels left.
You didn't know any spells.

Dungeon Overview and Level Annotations

Branches:
Dungeon (3/15)

Altars:


Innate Abilities, Weirdness & Mutations

You are immune to rotting.
You have extremely sharp teeth.
Your natural rate of healing is unusually fast.
When hurt, damage is shared between your health and your magic reserves.
Your bite disrupts and absorbs the magic of your enemies.
Potions and wands cannot restore your HP.


Message History

An ogre is nearby!
An ogre is nearby!
You completely miss the ogre. The ogre barely misses you.
You hit the ogre. You bite the ogre. You drain its power.
The ogre is lightly wounded.
The ogre hits you with a giant spiked club.
You sock the ogre! You bite the ogre. You drain its power.
The ogre is heavily wounded.
You hit the ogre. You bite the ogre. You drain its power.
The ogre is severely wounded.
The ogre closely misses you.
You barely miss the ogre. You bite the ogre! You drain its power.
The ogre is almost dead.
The ogre hits you with a giant spiked club!
Ouch! That really hurt!
You barely miss the ogre. Your bite misses the ogre.
The ogre is almost dead.
The ogre hits you with a giant spiked club!
Ouch! That really hurt!
You die...

. .# .# .# #.# !# #.#
.# #.# .# #.#
########O# #.#
#......@.# #.#
#.##########.#
#.......[.##.####
######..........#
##########.##(##.##.#
#.........[..(##.##.#
#.########.#).##.##.#
#.# #.#..##.##.# #.#
#.#..##.##.#


You could see an ogre.

Vanquished Creatures
  A worker ant (D:3)
  Jessica (D:2)
  2 adders (D:2)
  2 giant mites (D:2)
  A worm (D:2)
  3 giant geckos
  7 goblins
  10 hobgoblins
  3 jackals (D:2)
  A quokka (D:2)
  A ball python (D:1)
  3 bats
  3 giant cockroaches
  A giant newt (D:2)
  8 kobolds
  8 rats
55 creatures vanquished.

Notes
Turn   | Place    | Note
--------------------------------------------------------------
     0 | D:1      | Maka, the Vine Stalker Gladiator, began the quest for the Orb.
     0 | D:1      | Reached XP level 1. HP: 11/11 MP: 1/1
    49 | D:1      | Reached skill level 3 in Staves
   107 | D:1      | Reached XP level 2. HP: 13/15 MP: 3/3
   485 | D:2      | Reached XP level 3. HP: 18/18 MP: 4/4
   581 | D:2      | Noticed Jessica
   591 | D:2      | Killed Jessica
   591 | D:2      | Reached skill level 4 in Staves
   635 | D:2      | Reached XP level 4. HP: 20/23 MP: 5/5
  1111 | D:3      | Reached skill level 5 in Staves
  1111 | D:3      | Reached XP level 5. HP: 13/26 MP: 4/7
  1253 | D:3      | Noticed an ogre
  1259 | D:3      | Mangled by an ogre

Action                   |  1- 3 |  4- 6 || total
-------------------------+-------+-------++-------
Melee: Quarterstaff      |    87 |    54 ||   141
Evoke: Wand              |       |     1 ||     1
  Use: Scroll            |       |     1 ||     1
       Potion            |       |     1 ||     1
 Stab: Sleeping          |       |     1 ||     1
